 Dungeon Crawl Stone Soup version 0.31.0-12-g77e489cdc1 (webtiles) character file.

Game seed: 5637389033702918193

81 Macronical the Cudgeller (level 4, 0/13 HPs)
             Began as a Troll Berserker on Feb 12, 2024.
             Was a Believer of Trog.
             Slain by a gnoll
             ... wielding a +0 halberd of venom
              (13 damage)
             ... on level 3 of the Dungeon on Feb 13, 2024.
             The game lasted 00:10:57 (1273 turns).

Macronical the Cudgeller (Troll Berserker)          Turns: 1273, Time: 00:10:58

Health: 0/13       AC:  2    Str: 27    XL:     4   Next: 20%
Magic:  3/3        EV: 14    Int:  3    God:    Trog [**....]
Gold:   72         SH:  0    Dex:  9    Spells: 3/3 levels left

rFire   + . .        t - melded +1 dagger (freeze)
rCold   x . .        (shield currently unavailable)
rNeg    . . .        b - melded +0 animal skin
rPois   .            (helmet restricted)
rElec   .            (no cloak)
rCorr   .            (gloves unavailable)
SInv    .            (boots unavailable)
Will    .....        (no amulet)
Stlth   +            v - ring of fire
HPRegen 1.02/turn    (no ring)
MPRegen 0.08/turn

%: no passive effects
@: flux-form, glowing
A: glow, contaminating, reduced hp, large, unfitting armour, claws 3,
regeneration 1, shaggy fur 1, tough skin 1
a: Begin Untransformation, Renounce Religion, Berserk, Trog's Hand


You were on level 3 of the Dungeon.
You worshipped Trog.
Trog was pleased with you.
You were something dangerously unstable.
You visited 1 branch of the dungeon, and saw 3 of its levels.

You collected 72 gold pieces.

Inventory:

Hand Weapons
 a - a +0 mace
 d - a +0 dagger
 e - a +0 sling
 g - a +0 long sword
 j - a +0 hand axe
 k - a +0 dagger
 m - a +0 club
 n - a +0 dagger
 o - a +0 club
 t - a +1 dagger of freezing (melded)
 w - a +0 war axe
 A - a +0 spear
 B - a +0 mace
 D - a +0 dagger
Missiles
 c - 24 stones (quivered)
 s - 2 throwing nets
Armour
 b - a +0 animal skin (melded)
 r - a +0 leather armour
 y - a +0 leather armour
 C - a +0 scale mail
Jewellery
 v - a ring of fire (left claw)
Talismans
 u - a flux talisman (active)
Scrolls
 f - 3 scrolls of identify {unknown}
 p - a scroll of noise {unknown}
 x - a scroll of enchant armour {unknown}
 z - a scroll of fog {unknown}
Potions
 h - a potion of enlightenment {unknown}
 i - a potion of might {unknown}
 l - 2 potions of brilliance {unknown}
 q - a potion of curing {unknown}
 E - a potion of cancellation {unknown}


   Skills:
 + Level 2.8 Fighting
 + Level 0.4(1.1) Short Blades
 + Level 1.5(1.6) Long Blades
 + Level 3.0 Maces & Flails
 + Level 3.0 Dodging
 + Level 0.1 Stealth


You had 3 spell levels left.
You didn't know any spells.
Your spell library was empty.

Dungeon Overview and Level Annotations

Branches:
Dungeon (3/15)

Altars:


Innate Abilities, Weirdness & Mutations

You are something dangerously unstable.
You glow with magical radiation, making you easy to see and hit.
Foes you strike become dangerously contaminated with magical radiation.
Your maximum health is decreased, since you lack skill for your form.
You are incapable of wielding weapons or throwing items.
You are too large for most types of armour.
You have claws for hands.
Your natural rate of healing is unusually fast.
You are covered in fur. (AC +1)
You have tough skin. (AC +1)


Message History

A kobold comes into view. It is wielding a +0 dagger.
The kobold throws a stone.
The stone closely misses you.
The kobold throws a stone.
The stone closely misses you.
The kobold throws a stone.
The stone completely misses you.
The kobold throws a stone.
The stone hits you but does no damage.
The kobold throws a stone.
The stone hits you. The kobold barely misses you.
The kobold hits you with a +0 dagger. The kobold hits you with a +0 dagger.
The kobold throws a stone.
The stone closely misses you. The kobold misses you.
You scratch the kobold.
The kobold begins to glow.
The kobold is severely wounded.
The kobold closely misses you.
You scratch the kobold.
You kill the kobold!
Trog accepts your kill.
c - 24 stones (gained 3)
Things that are here:
a +0 dagger; a kobold corpse
Things that are here:
a +0 dagger; a kobold corpse
D - a +0 dagger
f - 3 scrolls labelled FIB BOGAINERCH (gained 1)
There are no items here.
Found a stone staircase leading up.
There is a stone staircase leading down here.
There is a stone staircase leading down here.
You climb downwards.
There is a stone staircase leading up here.
Found a fuming golden potion.
A gnoll comes into view. It is wielding a +0 halberd of venom.
The gnoll shouts!
You hear a shout! x2
You see here a fuming golden potion.
E - a fuming golden potion A gnoll comes into view.
It is wielding a +0 halberd.
The gnoll barely misses you.
The gnoll hits you from afar with a +0 halberd of venom!
Ouch! That really hurt!
You die...

#. #.#####.## #
#.# #. #.#
...####.#####.#
.
#..............
..#
#.............#
....
...####.#######
...g.##### #.#
#.g.p#######.#
####.........#
###########


You could see 2 gnolls.

Vanquished Creatures
  3 adders
  5 dart slugs
  2 bats (D:1)
  5 endoplasms
  2 giant cockroaches (D:1)
  3 goblins (D:1)
  7 hobgoblins
  3 quokkas (D:1)
  4 ball pythons
  2 frilled lizards
  4 kobolds
  2 rats
42 creatures vanquished.

Notes
Turn   | Place    | Note
-------+----------+-------------------------------------------
     0 | D:1      | Macronical the Troll Berserker began the quest for the Orb.
     0 | D:1      | Reached XP level 1. HP: 22/22 MP: 0/0
    96 | D:1      | Reached XP level 2. HP: 25/29 MP: 1/1
   303 | D:1      | Found a faded altar of an unknown god.
   435 | D:1      | Reached XP level 3. HP: 17/36 MP: 2/2
   719 | D:2      | Reached skill level 1 in Long Blades
   896 | D:2      | Reached ** piety under Trog
   969 | D:3      | Reached XP level 4. HP: 10/44 MP: 3/3
  1273 | D:3      | Slain by a gnoll

Illustrated notes

Levels and vault maps discovered:
D:1:      minmay_arrival_semitransparent, layout_rooms, basic_ecumenical_altar,
          minmay_pentomino_u2
D:2:      layout_loops_ring, st_stairs_8
D:3:      layout_loops_ring, pf_just_have_faith,
          chequers_temple_overflow_statue_of_worship, serial_shops, shop

Skill      XL: |  1  2  3 |
---------------+----------+-----
Maces & Flails | 3 |  3.0
Long Blades    | 1 |  1.5
Dodging        | 3 |  3.0
Fighting       | |  2.8
Short Blades   | |  0.4
Stealth        | |  0.1

Action                     |  1- 3 |  4- 6 || total
---------------------------+-------+-------++-------
  Melee: Dagger            |    21 |       ||    21
         Mace              |    15 |       ||    15
         Long sword        |    70 |       ||    70
         Unarmed           |     6 |    19 ||    25
 Invoke: Berserk           |     1 |       ||     1
 Armour: Animal skin       |   149 |       ||   149
         Skin              |     4 |    12 ||    16
  Dodge: Dodged            |   121 |    23 ||   144
   Form: Flux              |     1 |       ||     1
